 Dungeon Crawl Stone Soup version 0.22.0 (webtiles) character file.

168 Blackhawk the Chopper (level 5, 0/53 HPs)
             Began as a Troll Berserker on Oct 21, 2018.
             Was a Priest of Trog.
             Succumbed to an orc wizard's poison
             ... on level 3 of the Dungeon.
             The game lasted 00:03:13 (1397 turns).

Blackhawk the Chopper (Troll Berserker)             Turns: 1397, Time: 00:03:14

Health: 0/53       AC:  5    Str: 26    XL:     5   Next: 24%
Magic:  4/4        EV: 11    Int:  3    God:    Trog [***...]
Gold:   83         SH:  0    Dex:  9    Spells: 4/4 levels left

rFire    . . .     SeeInvis .   a - +0 hand axe
rCold    . . .     Gourm    +   (no shield)
rNeg     . . .     Faith    .   b - +0 animal skin
rPois    .         Spirit   .   (helmet restricted)
rElec    .         Reflect  .   (no cloak)
rCorr    .         Harm     .   (gloves unavailable)
MR       .....                  (boots unavailable)
Stlth    +.........             (no amulet)
HPRegen  0.57/turn              (no ring)
MPRegen  0.09/turn              (no ring)

@: lethally poisoned (0 -> -6)
A: large, unfitting armour, claws 3, fast metabolism 3, gourmand, regeneration
1, shaggy fur 1, tough skin 2
a: Berserk, Trog's Hand, Renounce Religion


You were on level 3 of the Dungeon.
You worshipped Trog.
Trog was most pleased with you.
You were completely stuffed.

You visited 1 branch of the dungeon, and saw 3 of its levels.

You collected 83 gold pieces.

Inventory:

Hand Weapons
 a - a +0 hand axe (weapon)
 o - a +2 hunting sling of velocity
Missiles
 p - 88 stones (quivered)
Armour
 b - a +0 animal skin (worn)
 j - a +2 cloak
Jewellery
 g - an uncursed ring of positive energy {unknown}
 q - an uncursed ring of wizardry {unknown}
Wands
 n - a wand of random effects (14)
Scrolls
 e - 2 scrolls of remove curse {unknown}
 f - 2 scrolls of identify {unknown}
 r - a scroll of enchant armour {unknown}
 s - a scroll of teleportation {unknown}
Potions
 d - a potion of lignification {unknown}
 h - 2 potions of agility {unknown}
 i - a potion of resistance {unknown}
 k - a potion of flight {unknown}
 l - a potion of heal wounds {unknown}
 t - a potion of degeneration {unknown}
 u - a potion of cancellation {unknown}
Comestibles
 c - 6 rations
 m - 9 chunks of flesh


   Skills:
 + Level 3.4 Fighting
 + Level 3.4 Axes
 + Level 3.4 Dodging


You had 4 spell levels left.
You didn't know any spells.
Your spell library was empty.

Dungeon Overview and Level Annotations

Branches:
Dungeon (3/15)

Altars:
Ashenzari
Gozag
Makhleb


Innate Abilities, Weirdness & Mutations

You are too large for most types of armour.
You have claws for hands.
Your metabolism is lightning-fast.
You like to eat raw meat.
Your natural rate of healing is unusually fast.
You are covered in fur. (AC +1)
You have very tough skin. (AC +2)


Message History

The orc closely misses you.
You hit the orc but do no damage.
The orc is almost dead.
You closely miss the orc.
* * * LOW HITPOINT WARNING * * *
You feel sick. The orc closely misses you. x2
You hit the orc.
You kill the orc!
Trog accepts your kill.
You closely miss the orc.
* * * LOW HITPOINT WARNING * * *
You feel sick.
You hit the orc.
The orc is heavily wounded.
* * * LOW HITPOINT WARNING * * *
You feel sick. The orc hits you with a mace.
* * * LOW HITPOINT WARNING * * *
You hit the orc.
The orc is severely wounded.
You die...

##
#.......##.#
#....._......#
###.......#..#
#.8...8.##.#
##.....###.#
###.### #.#
... #.# .#.#
#.# . #@#
#....o[#
#.###### ###
..# #.#
#.###.##


You could see an orc.

Vanquished Creatures
  2 orc wizards (D:3)
  Robin (D:2)
  An adder (D:2)
  A worm (D:2)
  3 dart slugs (D:2)
  A leopard gecko (D:1)
  6 orcs (D:3)
  3 bats (D:2)
  7 giant cockroaches
  17 goblins
  8 hobgoblins
  4 jackals
  7 kobolds
  2 quokkas
  3 frilled lizards
  5 rats
71 creatures vanquished.

Notes
Turn   | Place    | Note
-------+----------+-------------------------------------------
     0 | D:1      | Blackhawk the Troll Berserker began the quest for the Orb.
     0 | D:1      | Reached XP level 1. HP: 22/22 MP: 0/0
   290 | D:1      | Reached XP level 2. HP: 29/29 MP: 1/1
   623 | D:2      | Reached XP level 3. HP: 35/36 MP: 2/2
   679 | D:2      | Reached ** piety under Trog
   712 | D:2      | Noticed Robin
   727 | D:2      | Killed Robin
   735 | D:2      | Reached XP level 4. HP: 27/45 MP: 3/3
  1245 | D:3      | Found a burning altar of Makhleb.
  1245 | D:3      | Found a shattered altar of Ashenzari.
  1281 | D:3      | Reached *** piety under Trog
  1335 | D:3      | Found an opulent altar of Gozag.
  1384 | D:3      | Reached XP level 5. HP: 43/53 MP: 4/4
  1396 | D:3      | HP: 1/53 [orc/mace (5)]
  1397 | D:3      | Succumbed to an orc wizard's poison

Skill      XL: |  1  2  3 |
---------------+----------+-----
Dodging        | 3 |  3.4
Axes           | 3 |  3.4
Fighting       | 3 |  3.4

Action                   |  1- 3 |  4- 6 || total
-------------------------+-------+-------++-------
Melee: Hand axe          |    99 |   119 ||   218
 Stab: Sleeping          |     1 |       ||     1
  Eat: Chunk             |    12 |     7 ||    19
Armor: Animal skin       |    31 |    39 ||    70
Dodge: Dodged            |    49 |    75 ||   124
